 Dungeon Crawl Stone Soup version 0.32-a0-918-g0f22ef8d61 (webtiles) character file.

Game seed: 7445005490479906192

1504054 KennySheep the Ninja (level 26, 210/228 HPs)
             Began as an Armataur Delver on Apr 10, 2024.
             Was the Champion of Dithmenos.
             Escaped with the Orb
             ... and 3 runes on Apr 11, 2024!
             The game lasted 06:30:56 (87907 turns).

KennySheep the Ninja (Armataur Delver)             Turns: 87907, Time: 06:30:56

Health: 210/228    AC: 46    Str: 20    XL:     26   Next: 57%
Magic:  30/30      EV: 13    Int: 14    God:    Dithmenos [******]
Gold:   4407       SH: 33    Dex: 31    Spells: 37/39 levels left

rFire   + . .        a - +5 quick blade (vamp)
rCold   + . .        m - +2 tower shield
rNeg    . . .        C - +9 shadow dragon scales
rPois   +            Q - +2 hat of the Bear Spirit {Spirit, Bear, *Rage Will++}
rElec   .            I - scarf {repulsion}
rCorr   +            D - +0 pair of gloves of Panentheism {rPois Will++}
SInv    +            R - +3 barding of Kimmul {rCorr}
Will    +++++        c - amulet of Hidgh {Reflect Str-4 Int+3 SH+5 Stlth+}
Stlth   ++++++++     k - ring "Boypogup" {Str+6 Int-4 Dex+4 SInv}
HPRegen 0.58/turn    P - ring of the Lotus Blossom {rF+ rC+ Dex+6}
MPRegen 0.22/turn

%: random rage (20%), repel missiles, reflection, guardian spirit, roll
@: wreathed by umbra, studying Alchemy
A: large, deformed body, tough skin 3, armoured tail, rollpage 2, hooves 1,
stinger 1, iridescent scales 1, clever 1, low MP 1, inability to read after
injury 1
0: Orb of Zot
}: 3/15 runes: barnacled, silver, gossamer
a: Renounce Religion, Shadow Step, Shadow Form


You escaped.
You worshipped Dithmenos.
Dithmenos was exalted by your worship.
You visited 9 branches of the dungeon, and saw 47 of its levels.
You visited the Abyss 1 time.
You also visited: Trove, Sewer and Volcano.

You collected 7061 gold pieces.
You spent 2654 gold pieces at shops.

Inventory:

Hand Weapons
 a - a +5 vampiric quick blade (weapon)
 h - a +2 antimagic rapier
Missiles
 p - 16 curare-tipped darts
 K - 3 throwing nets (quivered)
Armour
 m - a +2 tower shield (worn)
 C - +9 shadow dragon scales (worn)
 D - the +0 pair of gloves of Panentheism (worn) {rPois Will++}
   (You took it off Nikola on level 3 of the Spider Nest)

   rPois:     It protects you from poison.
   Will++:    It greatly increases your willpower.
 I - a scarf of repulsion (worn)
 Q - the +2 hat of the Bear Spirit (worn) {Spirit, Bear, *Rage Will++}
   (You found it on level 4 of the Spider Nest)

   Bear:      Going berserk makes the wearer exceptionally tough, and they are
   slowed for a shorter time afterward.
   Will++:    It greatly increases your willpower.
   *Rage:     It berserks you when you make melee attacks (+20% chance).
 R - the +3 barding of Kimmul (worn) {rCorr}
   (You acquired it on level 2 of the Orcish Mines)

   rCorr:     It protects you from acid and corrosion.
Jewellery
 c - the amulet of Hidgh (around neck) {Reflect Str-4 Int+3 SH+5 Stlth+}
   (You found it in a treasure trove)

   [amulet of reflection]

   Reflect:   It reflects blocked missile attacks.
   Str-4:     It affects your strength (-4).
   Int+3:     It affects your intelligence (+3).
   SH+5:      It affects your SH (+5).
   Stlth+:    It makes you more stealthy.
 e - a ring of poison resistance
 g - an amulet of magic regeneration
 k - the ring "Boypogup" (left hand) {Str+6 Int-4 Dex+4 SInv}
   (You took it off a deep elf high priest on level 3 of the Elven Halls)

   [ring of strength]

   Str+6:     It affects your strength (+6).
   Int-4:     It affects your intelligence (-4).
   Dex+4:     It affects your dexterity (+4).
   SInv:      It lets you see invisible.
 q - an amulet of the acrobat
 P - the ring of the Lotus Blossom (right hand) {rF+ rC+ Dex+6}
   (You bought it in a shop on level 7 of the Dungeon)

   [ring of dexterity]

   Dex+6:     It affects your dexterity (+6).
   rF+:       It protects you from fire.
   rC+:       It protects you from cold.
Wands
 j - a wand of digging (10)
 o - a wand of quicksilver (44)
 A - a wand of polymorph (34)
 G - a wand of charming (34)
 J - a wand of roots (51)
 M - a wand of flame (94)
 O - a wand of mindburst (39)
Scrolls
 b - 2 scrolls of immolation
 d - 3 scrolls of fear
 s - 6 scrolls of silence
 t - 7 scrolls of blinking
 v - 10 scrolls of teleportation
 y - a scroll of vulnerability
 B - 7 scrolls of fog
 F - 5 scrolls of poison
 H - 8 scrolls of revelation
 L - a scroll of amnesia
Potions
 f - 9 potions of haste
 l - 2 potions of might
 r - 13 potions of curing
 u - 8 potions of attraction
 w - 2 potions of magic
 x - 9 potions of brilliance
 z - a potion of berserk rage
 E - 2 potions of mutation
 N - 2 potions of enlightenment
 T - 4 potions of ambrosia
 W - 2 potions of heal wounds
 Y - a potion of invisibility
Miscellaneous
 i - a Gell's gravitambourine (2/2)
 n - a phantom mirror
 S - a sack of spiders
 V - a condenser vane


   Skills:
 + Level 17.1 Fighting
 + Level 18.7 Short Blades
 + Level 23.5 Armour
 - Level 13.1 Dodging
 O Level 27 Stealth
 + Level 20.9 Shields
 - Level 7.2 Spellcasting
 - Level 12.0 Invocations
 - Level 3.5 Evocations


You had 37 spell levels left.
You knew the following spells:

 Your Spells              Type           Power      Damage    Failure   Level
a - Blink                 Tloc           10%        N/A       75%         2

Your spell library contained the following spells:

 Spells                   Type           Power      Damage    Failure   Level
 Apportation              Tloc           10%        N/A       61%         1
 Foxfire                  Conj/Fire      20%        2x1d5     61%         1
 Freeze                   Ice            20%        1d4       61%         1
 Kiss of Death            Conj/Necr      20%        2d7       61%         1
 Necrotise                Necr           20%        1d5       61%         1
 Sandblast                Erth           10%        2d5       61%         1
 Shock                    Conj/Air       20%        1d4       61%         1
 Sting                    Conj/Alch      20%        1d4       61%         1
 Call Imp                 Summ           10%        N/A       75%         2
 Cigotuvi's Dreadful Rot  Necr/Alch/Air  10%        N/A       75%         2
 Jinxbite                 Hex            10%        N/A       75%         2
 Lesser Beckoning         Tloc           10%        N/A       75%         2
 Mercury Vapours          Alch/Air       10%        N/A       75%         2
 Momentum Strike          Conj/Tloc      10%        3d8       75%         2
 Scorch                   Fire           10%        2d5       75%         2
 Searing Ray              Conj           10%        2d4       75%         2
 Sublimation of Blood     Necr           5%         N/A       75%         2
 Call Canine Familiar     Summ           5%         N/A       93%         3
 Confusing Touch          Hex            5%         N/A       93%         3
 Frozen Ramparts          Ice            10%        1d2       93%         3
 Fugue of the Fallen      Necr           5%         N/A       93%         3
 Hailstorm                Conj/Ice       5%         3d5       93%         3
 Inner Flame              Hex/Fire       5%         N/A       93%         3
 Maxwell's Portable Pile  Tloc           5%         2d(5-15)  93%         3
 Sigil of Binding         Hex            5%         N/A       93%         3
 Teleport Other           Tloc           5%         N/A       93%         3
 Tukima's Dance           Hex            5%         N/A       93%         3
 Vampiric Draining        Necr           5%         2d6       93%         3
 Animate Dead             Necr           5%         N/A       100%        4
 Brom's Barrelling Bould  Conj/Erth      5%         2d3       100%        4
 Dimensional Bullseye     Hex/Tloc       2%         N/A       100%        4
 Dispel Undead            Necr           5%         3d7       100%        4
 Flame Wave               Conj/Fire      5%         2d5       100%        4
 Ignite Poison            Fire/Alch      5%         N/A       100%        4
 Leda's Liquefaction      Alch/Erth      2%         N/A       100%        4
 Martyr's Knell           Necr/Summ      5%         N/A       100%        4
 Olgreb's Toxic Radiance  Alch           5%         N/A       100%        4
 Passage of Golubria      Tloc           5%         N/A       100%        4
 Petrify                  Alch/Erth      5%         N/A       100%        4
 Sticky Flame             Fire/Alch      5%         2d4       100%        4
 Summon Blazeheart Golem  Fire/Summ      5%         N/A       100%        4
 Vhi's Electric Charge    Tloc/Air       10%        N/A       100%        4
 Alistair's Intoxication  Alch           3%         N/A       100%        5
 Arcjolt                  Conj/Air       2%         1d12      100%        5
 Borgnjor's Vile Clutch   Necr/Erth      2%         N/A       100%        5
 Curse of Agony           Necr           5%         N/A       100%        5
 Fireball                 Conj/Fire      2%         3d4       100%        5
 Freezing Cloud           Conj/Ice/Air   2%         6-21      100%        5
 Iskenderun's Battlesphe  Conj           5%         2d6       100%        5
 Lee's Rapid Deconstruct  Erth           2%         3d5*      100%        5
 Silence                  Hex/Air        2%         N/A       100%        5
 Summon Forest            Summ/Tloc      2%         N/A       100%        5
 Summon Mana Viper        Hex/Summ       5%         N/A       100%        5
 Yara's Violent Unravell  Hex/Alch       2%         3d3       100%        5
 Conjure Ball Lightning   Conj/Air       2%         3x3d6     100%        6
 Death Channel            Necr           2%         N/A       100%        6
 Dispersal                Tloc           2%         N/A       100%        6
 Gell's Gavotte           Tloc           2%         2d(12-18) 100%        6
 Permafrost Eruption      Ice/Erth       2%         2x4d2     100%        6
 Plasma Beam              Fire/Air       2%         2x1d12    100%        6
 Sculpt Simulacrum        Ice/Alch       2%         N/A       100%        6
 Starburst                Conj/Fire      2%         6d3       100%        6
 Summon Cactus Giant      Summ           2%         N/A       100%        6
 Haunt                    Necr/Summ      2%         N/A       100%        7
 Malign Gateway           Summ/Tloc      2%         N/A       100%        7
 Orb of Destruction       Conj           2%         9d5       100%        7
 Spellforged Servitor     Conj/Summ      2%         N/A       100%        7
 Summon Hydra             Summ           2%         N/A       100%        7
 Borgnjor's Revivificati  Necr           2%         N/A       100%        8
 Discord                  Hex            2%         N/A       100%        8
 Disjunction              Tloc           2%         N/A       100%        8
 Ignition                 Fire           2%         3d3       100%        8
 Infestation              Necr           2%         N/A       100%        8
 Lehudib's Crystal Spear  Conj/Erth      2%         10d2      100%        8
 Maxwell's Capacitive Co  Air            2%         ∞         100%        8
 Summon Horrible Things   Summ           2%         N/A       100%        8
 Death's Door             Necr           2%         N/A       100%        9


Dungeon Overview and Level Annotations

Branches:
Dungeon (15/15)            Temple (0/1) D:6            Lair (5/5) D:11
 Shoals (4/4) Lair:2       Spider (4/4) Lair:2        Slime (0/5) Lair:4
    Orc (2/2) D:11            Elf (3/3) Orc:2        Vaults (5/5) D:14
  Crypt (0/3) Vaults:3     Depths (4/4) D:15            Zot (5/5) Depths:4
  Sewer (visited)         Volcano (visited)

Altars:
Ashenzari
Cheibriados
Dithmenos
Fedhas
Gozag
Hepliaklqana
Kikubaaqudgha
Makhleb
Nemelex Xobeh
Okawaru
Qazlal
Ru
Sif Muna
Vehumet
Wu Jian
Xom
Yredelemnul
Zin
The Shining One
Jiyva
Lugonu

Shops:
D:7 =   D:12 *   Orc:2 ?!*?   Elf:1 (*   Depths:1 :(::

Portals:
Hell: Lair:5 Depths:1 Depths:2 Depths:3 Depths:4
Abyss: D:12 Depths:3
Pandemonium: Depths:2 Depths:4
Ziggurat: Depths:4

Annotations:
D:12 2 runed translucent doors
Lair:2 3 runed translucent doors, mdonais's ghost, journeyman MDSu
Elf:2 5 runed translucent doors
Vaults:1 2 transporters, Jesaaggu's ghost, adept MiNe


Innate Abilities, Weirdness & Mutations

Armour fits poorly on your strangely shaped body.
You have extremely tough skin. (AC +3)
You have a long armoured tail.
You regenerate magic and health when rolling toward enemies. (Rampage Regen)
You have large cloven feet.
Your tail ends in a venomous barb.
You are partially covered in iridescent scales. (AC +2)
Your mind is acute. (Int +4, Str/Dex -1)
Your magical capacity is low. (-10% MP)
You occasionally lose the ability to read scrolls when taking damage.


Message History

The hellephant is severely wounded.
The hellephant tramples you.
You hold your ground!
You block the hellephant's attack. x2
You hit the hellephant. You tail-slap the hellephant!
The hellephant looks even sicker.
You puncture the hellephant! You kick the hellephant.
You kill the hellephant!
Dithmenos accepts your kill.
You feel a strong urge to attack something.
You feel your anger nearly subside.
You are no longer berserk.
You are exhausted.
You feel yourself slow down.
There is an escape hatch in the ceiling here.
A mysterious force pulls you upwards. The hatch slams shut behind you.
You feel yourself speed up.
There is an escape hatch in the ceiling here.
A mysterious force pulls you upwards. The hatch slams shut behind you.
You recover from your berserk rage.
Things that are here:
a +0 helmet; a +0 animal skin; a +0 club A cherub comes into view.
It is wielding a +2 flail of flaming.
There is a stone staircase leading up here.
You climb upwards.
There is a stone staircase leading down here.
There is a stone staircase leading up here.
You climb upwards.
There is a stone staircase leading down here.
A Hell Sentinel comes into view.
The Hell Sentinel gestures at you.
The sphere of damnation explodes!
The damnation engulfs you!! The Hell Sentinel gestures at you.
The sphere of damnation explodes!
The damnation engulfs you!!
There is a stone staircase leading up here.
You climb upwards.
There is a stone staircase leading down here.
You see here a hobgoblin skeleton.
Magic restored.
There is a staircase leading out of the dungeon here.
You have escaped!

....# #..# #.# ##.#
##### #.## #.# #.#
#####################.#
.#.#.......~≈≈≈≈≈≈≈≈#.#
......~≈....~~~~≈≈≈≈#.#
.....~~≈~.~....~.≈≈≈#.#
#..~.~~.~.~~.....~≈~###
....~..~~~.~≈~.....~#
.....~~~≈~~≈~~[.@..~#
....~..~≈≈≈.~~.....~#
....~~.≈~~~~~...~~~~#
.#...~~~~......≈.~≈≈###
.##...~......~~~~≈≈≈#.#
...........~~≈≈~≈≈≈≈#.#
....#################.#
#..#.....##..#.#.#
#.###
##.......###.#.#.#
#...#


There were no monsters in sight!

Vanquished Creatures
  3 dread liches (Zot:5)
  3 ancient liches
  Mara (Vaults:5)
  A juggernaut (Depths:3)
  2 orbs of fire (Zot:2)
  Xtahua (Vaults:4)
  A Killer Klown (Zot:5)
  Margery (Vaults:2)
  A caustic shrike (Depths:3)
  The ghost of Lorhegae the Thaumaturge, a veteran FoDe of Vehumet (Elf:3)
  2 curse toes
  3 bone dragons
  10 golden dragons
  Arachne (Spider:3)
  the Enchantress (Depths:2)
  Nikola (Spider:3)
  A hellephant (D:6)
  Jorgrun (Shoals:1)
  12 Orb Guardians
  2 electric golems (Zot:5)
  Rupert (D:15)
  A walking earthen tome (Depths:3)
  4 quicksilver dragons
  7 titans
  2 liches (Vaults:5)
  16 tentacled monstrosities
  2 deep elf blademasters (Elf:3)
  A searing wretch (Vaults:2)
  2 deep elf master archers (Elf:3)
  A walking frostbound tome (Depths:3)
  4 sphinxes
  A tentacled starspawn (Abyss:3)
  A kraken (Shoals:1)
  Kirke (D:12)
  An Executioner (D:12)
  10 death cobs
  12 shadow dragons
  20 storm dragons
  7 protean progenitors
  2 tengu reavers
  4 fire giants
  Ilsuiw (Shoals:2)
  15 vault wardens
  9 deep elf sorcerers
  5 draconian knights
  Louise (Spider:3)
  5 emperor scorpions
  3 draconian shifters
  2 iron dragons
  12 ghost moths
  10 frost giants
  4 draconian scorchers
  4 deep elf elementalists (Elf:3)
  24 ironbound preservers
  6 spriggan defenders
  2 draconian stormcallers
  21 very ugly things
  3 orc warlords
  7 draconian annihilators
  6 vampire knights
  4 broodmothers (Spider:4)
  A formless jellyfish (Vaults:4)
  10 ironbound thunderhulks
  26 dire elephants
  13 stone giants
  8 deep elf death magi
  2 lorocyprocas
  8 spark wasps
  9 deep elf demonologists
  8 green draconians
  11 yellow draconians
  The ghost of HokiCoki the Thaumaturge, a journeyman OnCA of Ignis (Orc:1)
  6 purple draconians
  9 black draconians
  10 deep elf annihilators
  6 white draconians
  4 war gargoyles
  7 red draconians
  9 ettins
  3 crystal guardians
  2 blizzard demons
  7 entropy weavers
  A green death (Depths:4)
  8 merfolk impalers
  12 yaktaur captains
  14 fire dragons
  5 merfolk javelineers
  4 deep elf high priests
  32 vault guards
  7 great orbs of eyes
  Harold (D:9)
  4 merfolk avatars
  5 rakshasas
  3 peacekeepers
  4 spriggan air magi
  Erolcha (D:12)
  A quicksilver dragon skeleton (Depths:1)
  10 ice dragons
  4 centaur warriors
  A catoblepas (Lair:4)
  An ogre mage (Vaults:5)
  11 hydras
  An alligator snapping turtle (Shoals:3)
  11 ironbound frosthearts
  A jorogumo (Spider:1)
  6 merfolk aquamancers
  6 radroaches
  4 two-headed ogres
  14 dancing weapons
  An anaconda (Zot:4)
  10 boulder beetles
  A satyr (Shoals:3)
  9 deep troll shamans
  8 demonic crawlers
  5 tengu warriors
  2 orc high priests (Orc:2)
  6 deep troll earth magi
  2 occultists (D:15)
  5 spriggan berserkers
  A thrashing horror (Abyss:3)
  20 hell knights
  14 deep elf knights
  A sixfirhy (Lair:5)
  4 wretched stars
  4 pharaoh ants
  8 skeletal warriors (D:15)
  5 skysharks
  A salamander mystic (Volcano)
  7 iron trolls
  9 orb spiders
  64 deep trolls
  A glowing orange brain (shapeshifter) (Vaults:5)
  3 deep trolls (shapeshifter) (Vaults:5)
  13 sea snakes
  5 glowing orange brains
  7 deep elf archers
  3 sun moths
  2 flayed ghosts (Depths:3)
  A swamp dragon (shapeshifter) (Depths:3)
  6 arcanists
  A tengu zombie (Depths:1)
  11 orc knights
  8 phantasmal warriors
  15 harpies
  15 ironbound convokers
  6 thermic dynamos
  10 steelbarb worms
  10 necromancers
  An obsidian bat (Orc:1)
  16 lindwurms
  25 deep elf zephyrmancers
  2 starcursed masses (Abyss:3)
  A shadow dragon skeleton (Vaults:3)
  A sphinx simulacrum (Vaults:3)
  12 fauns
  29 deep elf pyromancers
  6 orc sorcerers
  An oklob plant (D:8)
  6 salamanders (Volcano)
  13 cyclopes
  2 shining eyes (shapeshifter)
  40 ugly things
  22 wolf spiders
  10 manticores
  2 apocalypse crabs (Abyss:3)
  4 meliai
  A centaur zombie (D:15)
  Maurice (D:10)
  2 meliai (shapeshifter)
  4 elephants (Lair:5)
  22 moths of wrath
  10 black mambas
  10 water nymphs
  A fire giant skeleton (Vaults:3)
  3 kobold blastminers (Orc:2)
  9 merfolk sirens
  17 vault sentinels
  A cane toad (shapeshifter) (D:14)
  A black mamba (shapeshifter) (D:14)
  2 gargoyles (D:14)
  5 torpor snails
  4 orange demons
  9 large abominations
  A centaur skeleton (D:15)
  A hellion (Depths:2)
  11 cane toads
  3 efreet
  5 rime drakes
  A kobold demonologist (D:11)
  41 yaktaurs
  7 komodo dragons
  An unseen horror (D:13)
  An ice devil (Lair:5)
  3 tengu conjurers
  2 ancient zymes (Abyss:3)
  2 red devils (Lair:5)
  25 merfolk
  8 trolls
  9 raiju (Abyss:3)
  5 polar bears
  2 hornets
  12 wind drakes
  A hellwing (Lair:5)
  2 tyrant leeches (Zot:2)
  A harpy skeleton (Abyss:3)
  A jumping spider (shapeshifter) (D:14)
  A tarantella (shapeshifter) (Elf:2)
  28 tarantellas
  Prince Ribbit (D:5)
  An ettin zombie (Abyss:3)
  23 jumping spiders
  A polar bear (shapeshifter) (D:14)
  13 dream sheep
  A merfolk (shapeshifter) (Vaults:5)
  A glass eye (Depths:1)
  18 blink frogs
  3 human skeletons (Vaults:2)
  A blink frog (shapeshifter) (Elf:2)
  6 snapping turtles
  11 air elementals
  50 slime creatures
  A centaur simulacrum (D:15)
  21 culicivoras
  2 vampires
  2 shadows
  5 spriggans
  7 wyverns
  A ynoxinul (D:13)
  4 wraiths
  3 fire elementals (Elf:3)
  42 yaks
  28 water elementals
  3 hogs (D:12)
  9 basilisks
  10 vampire mosquitoes
  2 neqoxecs (Abyss:3)
  A two-headed ogre zombie (D:11)
  4 wargs
  62 redbacks
  A chaos spawn (Abyss:3)
  Menkaure (D:5)
  A naga (D:12)
  3 acid dragons
  2 swamp worms (Zot:4)
  A water moccasin (shapeshifter) (Elf:2)
  10 water moccasins
  4 hell hounds (Lair:5)
  20 orc warriors
  A glowing shapeshifter skeleton (Depths:1)
  Duvessa (D:7)
  A hornet zombie (D:15)
  2 laughing skulls
  A sky beast (D:8)
  An ettin simulacrum (Vaults:3)
  3 black bears
  4 small abominations (Abyss:3)
  A tengu (shapeshifter) (Elf:2)
  7 ogres
  11 wolves
  10 centaurs
  4 phantoms
  3 weeping skulls
  5 kobold brigands
  11 bullfrogs
  Blork the orc (D:4)
  3 scorpions
  An earth elemental (Elf:1)
  9 wights
  2 jellies
  Dowan (D:7)
  12 killer bees
  7 electric eels
  8 howler monkeys
  A bombardier beetle (D:2)
  A crimson imp (Abyss:3)
  22 orc priests
  9 hounds
  A gnoll bouda (Lair:1)
  Crazy Yiuf (D:3)
  2 iron imps
  A sleepcap (D:6)
  An iguana (D:7)
  Natasha (thrice) (D:2)
  24 orc wizards
  A boggart skeleton (D:15)
  7 ogre zombies (D:11)
  Robin (D:4)
  9 gnolls
  21 adders
  6 river rats (Sewer)
  A white imp (Abyss:3)
  4 ribbon worms
  4 dart slugs
  64 orcs
  13 ball pythons
  4 bats
  8 endoplasms
  7 giant cockroaches
  3 gnoll zombies (D:11)
  15 goblins
  13 hobgoblins
  5 quokkas
  2 frilled lizards
  2 gnoll skeletons (D:11)
  29 kobolds
  2 orc skeletons (D:11)
  17 orc zombies (D:11)
  24 rats
  A spectral orc (D:4)
  3 aspiring fleshes
2220 creatures vanquished.

Vanquished Creatures (others)
  A vampire knight (Depths:2)
  A green death (D:12)
  An ice dragon (Depths:4)
  An orc high priest (Orc:2)
  2 deep elf knights (Elf:1)
  An arcanist (Vaults:3)
  A vault sentinel (Vaults:1)
  A cane toad (shapeshifter) (Elf:2)
  A glass eye (shapeshifter) (Elf:2)
  A centaur simulacrum (D:14)
  4 water elementals
  A black bear (shapeshifter) (D:14)
  A small abomination (Abyss:3)
  An orc zombie (D:11)
  5 starspawn tentacles (Abyss:3)
  4 tentacles (Shoals:1)
27 creatures vanquished.

Grand Total: 2247 creatures vanquished

Notes
Turn   | Place    | Note
-------+----------+-------------------------------------------
     0 | D:5      | KennySheep the Armataur Delver began the quest for the Orb.
     0 | D:5      | Reached XP level 1. HP: 18/18 MP: 1/1
    33 | D:4      | Noticed Robin
    81 | D:4      | Reached XP level 2. HP: 21/25 MP: 2/2
   222 | D:4      | Found a broken altar of Ashenzari.
   382 | D:4      | Noticed a bullfrog
   462 | D:3      | Reached XP level 3. HP: 19/31 MP: 3/3
   701 | D:3      | Reached skill level 6 in Stealth
   701 | D:3      | Reached XP level 4. HP: 28/38 MP: 4/4
   757 | D:3      | Found a glowing drain.
   763 | Sewer    | Entered a sewer
  1003 | Sewer    | Reached XP level 5. HP: 37/45 MP: 5/5
  1238 | Sewer    | Gained mutation: You are partially covered in iridescent
                  | scales. (AC +2) [potion of mutation]
  1245 | Sewer    | Reached XP level 6. HP: 40/52 MP: 6/6
  1437 | D:3      | Found a runed translucent door.
  1438 | D:3      | Noticed Crazy Yiuf
  1498 | D:2      | Noticed Natasha
  1510 | D:2      | Killed Natasha
  2849 | D:2      | Noticed Natasha
  2859 | D:2      | Killed Natasha
  2860 | D:2      | Reached skill level 7 in Stealth
  3066 | D:2      | Found a shadowy altar of Dithmenos.
  3118 | D:2      | Noticed Natasha
  3136 | D:2      | Killed Natasha
  3178 | D:2      | Became a worshipper of Dithmenos the Shadowed
  3301 | D:2      | Reached skill level 5 in Short Blades
  3337 | D:2      | Gained mutation: You regenerate magic and health when
                  | rolling toward enemies. (Rampage Regen) [Armataur growth]
  3337 | D:2      | Reached XP level 7. HP: 59/59 MP: 7/7
  3554 | D:3      | Found an iron altar of Okawaru.
  3880 | D:3      | Reached * piety under Dithmenos
  4024 | D:4      | Killed Robin
  4132 | D:4      | Noticed Blork the orc
  4136 | D:4      | Killed Blork the orc
  4311 | D:4      | Found a basalt altar of Yredelemnul.
  4768 | D:5      | Reached skill level 5 in Fighting
  4768 | D:5      | Reached XP level 8. HP: 55/68 MP: 8/8
  4778 | D:5      | Reached skill level 8 in Stealth
  5020 | D:5      | Identified the +0 whip of Duty {vamp, rElec Will+ rCorr
                  | Int-4}
  5093 | D:5      | Noticed Prince Ribbit
  5169 | D:5      | Noticed Menkaure
  5707 | D:5      | Killed Prince Ribbit
  5829 | D:6      | Reached ** piety under Dithmenos
  5889 | D:6      | Reached XP level 9. HP: 75/75 MP: 9/9
  6270 | D:6      | Found a staircase to the Ecumenical Temple.
  6323 | D:6      | Found a sparkling altar of Nemelex Xobeh.
  6351 | D:6      | Reached skill level 9 in Stealth
  6424 | D:6      | Noticed a troll
  6429 | D:6      | Killed a troll
  6488 | D:6      | Found an opulent altar of Gozag.
  6820 | D:7      | Identified the +8 quarterstaff of Xahat {flame, rCorr Str-2
                  | Dex+5}
  6938 | D:7      | Found Ileys's Jewellery Shoppe.
  7075 | D:7      | Noticed Duvessa
  7075 | D:7      | Noticed Dowan
  7078 | D:7      | Killed Dowan
  7086 | D:7      | Killed Duvessa
  7615 | D:7      | Identified the +0 robe of Duty {Dex+8}
  8005 | D:8      | Reached skill level 5 in Dodging
  8006 | D:8      | Found a sacrificial altar of Ru.
  8225 | D:8      | Found a shimmering altar of Xom.
  8300 | D:8      | Found a burning altar of Makhleb.
  8634 | D:8      | Found a blossoming altar of Fedhas.
  8653 | D:8      | Noticed an oklob plant
  9078 | D:9      | Found a snail-covered altar of Cheibriados.
  9118 | D:9      | Reached XP level 10. HP: 84/84 MP: 10/10
  9124 | D:9      | Reached skill level 10 in Stealth
  9300 | D:9      | Reached *** piety under Dithmenos
  9523 | D:9      | Noticed Harold
  9827 | D:9      | Killed Harold
 10211 | D:9      | Noticed a two-headed ogre
 10238 | D:9      | Killed a two-headed ogre
 10239 | D:9      | Reached skill level 1 in Armour
 10277 | D:9      | Found a glowing golden altar of the Shining One.
 10588 | D:10     | Entered Level 10 of the Dungeon
 10770 | D:10     | Noticed Maurice
 10774 | D:10     | Killed Maurice
 10775 | D:10     | Reached skill level 10 in Short Blades
 11434 | D:11     | Found the +7 Kryia's mail coat {PotionHeal*2 rC+}
 11493 | D:11     | Reached **** piety under Dithmenos
 11494 | D:11     | Reached skill level 11 in Stealth
 11648 | D:11     | Found a staircase to the Lair.
 11653 | D:11     | Reached XP level 11. HP: 93/93 MP: 11/11
 11843 | D:11     | Noticed a soul eater
 12373 | D:11     | Reached ***** piety under Dithmenos
 12422 | D:11     | Found a staircase to the Orcish Mines.
 13017 | D:11     | Found a hazy altar of Hepliaklqana.
 13045 | Lair:1   | Entered Level 1 of the Lair of Beasts
 13094 | Lair:1   | Reached skill level 12 in Stealth
 13471 | D:7      | Bought the ring of the Lotus Blossom {rF+ rC+ Dex+6} for
                  | 798 gold pieces
 13798 | Lair:1   | Reached skill level 5 in Armour
 13880 | Lair:1   | You fall into a shaft and drop 1 floor!
 13942 | Lair:2   | Found a staircase to the Shoals.
 14196 | D:12     | Reached XP level 12. HP: 87/103 MP: 12/12
 14208 | D:12     | Reached skill level 13 in Stealth
 14532 | Lair:2   | Found a runed translucent gate.
 14563 | Lair:2   | Found a runed translucent gate.
 14563 | Lair:2   | Found a runed translucent gate.
 14600 | Lair:2   | Noticed a five-headed hydra
 14606 | Lair:2   | Killed a five-headed hydra
 14958 | Lair:2   | Found a hole to the Spider Nest.
 15276 | Lair:2   | Noticed mdonais's ghost (journeyman MDSu)
 15682 | Lair:3   | Noticed a four-headed hydra
 16099 | Lair:3   | Reached skill level 14 in Stealth
 16383 | Lair:4   | Noticed a catoblepas
 16572 | Lair:4   | Found a staircase to the Slime Pits.
 16572 | Lair:4   | Found a viscous altar of Jiyva.
 16708 | Lair:4   | Killed a catoblepas
 17242 | Lair:4   | Reached XP level 13. HP: 111/111 MP: 13/13
 17617 | Lair:5   | Entered Level 5 of the Lair of Beasts
 17629 | Lair:5   | Reached skill level 15 in Stealth
 17696 | Lair:5   | Reached ****** piety under Dithmenos
 18482 | D:12     | Noticed Erolcha
 18486 | D:12     | Killed Erolcha
 18718 | D:12     | Found a one-way gate to the infinite horrors of the Abyss.
 18718 | D:12     | Identified the +6 dagger of War {distort, *Noise rN+ rCorr
                  | Int+2}
 18718 | D:12     | Identified the +0 robe "Sicuer" {rF+ rCorr}
 18743 | D:12     | Noticed Kirke
 18748 | D:12     | Found a large runed translucent door.
 18749 | D:12     | Found a large runed translucent door.
 18758 | D:12     | Reached skill level 10 in Dodging
 18825 | D:12     | Killed Kirke
 18826 | D:12     | Reached skill level 10 in Fighting
 18859 | D:12     | Found a corrupted altar of Lugonu.
 19001 | D:12     | Found a portal to a secret trove of treasure.
 19121 | D:12     | Found Wuxod's Serpentskin Sales.
 20037 | D:13     | Reached skill level 1 in Shields
 20468 | D:13     | Reached skill level 16 in Stealth
 21561 | D:14     | Reached XP level 14. HP: 122/122 MP: 14/14
 21644 | D:15     | Entered Level 15 of the Dungeon
 23556 | Lair:5   | Reached skill level 5 in Shields
 24434 | Lair:5   | Found a burning altar of Makhleb.
 24465 | Lair:5   | Found a gateway to Hell.
 24756 | Orc:1    | Entered Level 1 of the Orcish Mines
 24758 | Orc:1    | Noticed an orc warlord
 24870 | Orc:1    | Killed an orc warlord
 24871 | Orc:1    | Reached skill level 17 in Stealth
 24936 | Orc:1    | Reached skill level 10 in Armour
 25327 | Orc:1    | Found a runed translucent gate.
 25327 | Orc:1    | Found a runed translucent gate.
 25329 | Orc:1    | Found a dark tunnel.
 25349 | Volcano  | Entered a volcano
 25564 | Orc:1    | Found a runed translucent gate.
 25564 | Orc:1    | Noticed HokiCoki's ghost (journeyman OnCA)
 25810 | Orc:1    | Killed HokiCoki's ghost
 26264 | D:7      | Bought a +4 ring of slaying for 504 gold pieces
 26929 | Lair:1   | Identified the +1 hand axe of Ulavo {speed, Str+3 SInv}
 26933 | Lair:1   | Identified the +6 chain mail "Etuypp" {Will+ Str+2 Slay+3}
 27228 | Orc:2    | Entered Level 2 of the Orcish Mines
 27410 | Orc:2    | Found a staircase to the Elven Halls.
 27631 | Orc:2    | Reached XP level 15. HP: 115/129 MP: 15/15
 29068 | Orc:2    | Found Wuygg's Magic Scroll Shoppe.
 29068 | Orc:2    | Found Zoykuf's Magic Scroll Shop.
 29070 | Orc:2    | Found Etoh Tou's Distillery.
 29070 | Orc:2    | Found Kudgh's General Store.
 29083 | Orc:2    | Bought a scroll of acquirement for 624 gold pieces
 29083 | Orc:2    | Acquired the +3 barding of Kimmul {rCorr}
 29679 | D:14     | Found a gate to the Vaults.
 30027 | D:14     | Reached skill level 18 in Stealth
 30984 | D:15     | Noticed Rupert
 30990 | D:15     | Killed Rupert
 31500 | D:15     | Found a staircase to the Depths.
 32049 | Shoals:1 | Entered Level 1 of the Shoals
 32093 | Shoals:1 | Reached XP level 16. HP: 111/139 MP: 16/16
 32223 | Shoals:1 | Noticed Jorgrun
 32232 | Shoals:1 | Reached skill level 1 in Invocations
 32265 | Shoals:1 | Killed Jorgrun
 32610 | Shoals:1 | Identified the +9 hand axe "Killer Bee's Bane" {venom,
                  | rElec Int+3}
 32913 | Shoals:1 | Noticed a kraken
 32968 | Shoals:1 | Reached skill level 19 in Stealth
 33413 | Shoals:1 | Upgraded the game from 0.32-a0-913-g739538afd8 to
                  | 0.32-a0-918-g0f22ef8d61
 33458 | Shoals:2 | Noticed Ilsuiw
 33469 | Shoals:2 | Killed Ilsuiw
 33661 | Shoals:2 | Identified the ring "Yholuxt" {Fly rN+ Will++}
 33920 | Shoals:2 | Identified the +10 falchion of the Weasel {protect, rPois
                  | Will+ Str+2 Int-4}
 34555 | Shoals:1 | Killed a kraken
 35094 | D:4      | Found an ancient bone altar of Kikubaaqudgha.
 35126 | D:5      | Killed Menkaure
 35214 | D:3      | Killed Crazy Yiuf
 35607 | Spider:1 | Entered Level 1 of the Spider Nest
 36807 | Shoals:4 | Entered Level 4 of the Shoals
 36955 | Shoals:4 | Found a stormy altar of Qazlal.
 36964 | Shoals:4 | Reached XP level 17. HP: 147/147 MP: 19/19
 37048 | Shoals:4 | Found a stormy altar of Qazlal.
 37185 | Shoals:4 | Reached skill level 20 in Stealth
 37545 | Shoals:4 | Paralysed by an air elemental for 1 turns
 37918 | Shoals:4 | Noticed a titan
 38110 | Shoals:4 | Killed a titan
 38153 | Shoals:4 | Got a barnacled rune of Zot
 38836 | Spider:1 | Reached skill level 5 in Invocations
 40124 | Spider:2 | Reached skill level 15 in Short Blades
 40124 | Spider:2 | Reached skill level 10 in Shields
 40518 | Vaults:1 | Entered Level 1 of the Vaults
 41151 | Vaults:2 | Reached XP level 18. HP: 156/156 MP: 7/22
 41785 | Vaults:1 | Reached skill level 21 in Stealth
 43087 | Vaults:2 | Noticed Margery
 43092 | Vaults:2 | Killed Margery
 44592 | Vaults:3 | Found a staircase to the Crypt.
 44808 | Vaults:3 | Reached XP level 19. HP: 165/165 MP: 24/24
 45350 | Vaults:3 | Reached skill level 15 in Armour
 45491 | Vaults:3 | Reached skill level 22 in Stealth
 47100 | Vaults:4 | Paralysed by a formless jellyfish for 1 turns
 47855 | Vaults:1 | Found a transporter.
 47856 | Vaults:1 | Noticed Jesaaggu's ghost (adept MiNe)
 47863 | Vaults:1 | Found a transporter.
 49133 | Vaults:4 | Reached XP level 20. HP: 173/173 MP: 26/26
 49146 | Vaults:4 | Noticed Xtahua
 49686 | Vaults:4 | Killed Xtahua
 50975 | Vaults:4 | Identified the +0 helmet of the Villain {*Slow rElec Dex+4}
 51760 | Spider:2 | Reached skill level 23 in Stealth
 51835 | Spider:3 | Identified the +0 pair of gloves of Panentheism {rPois
                  | Will++}
 51835 | Spider:3 | Noticed Nikola
 52260 | Elf:1    | Entered Level 1 of the Elven Halls
 52895 | Elf:1    | Got the Textbook on Combat Magic
 53143 | Elf:1    | Found Gejes's General Store.
 53151 | Elf:1    | Bought a scroll of acquirement for 728 gold pieces
 53153 | Elf:1    | Acquired a +5 vampiric quick blade
 53312 | Elf:1    | Found Juiv's Antique Weapon Shoppe.
 53463 | Elf:2    | Reached skill level 1 in Spellcasting
 53932 | Elf:2    | Found a huge runed translucent gate.
 53932 | Elf:2    | Found a huge runed translucent gate.
 53932 | Elf:2    | Found a huge runed translucent gate.
 53932 | Elf:2    | Found a huge runed translucent gate.
 53933 | Elf:2    | Found a huge runed translucent gate.
 54052 | Elf:3    | Entered Level 3 of the Elven Halls
 54075 | Elf:3    | Acquired a manual of Alchemy
 54155 | Elf:3    | Found a runed translucent door.
 54155 | Elf:3    | Noticed Lorhegae's ghost (veteran FoDe)
 54161 | Elf:3    | Killed Lorhegae's ghost
 54379 | Elf:3    | Identified the +0 spear of the Final Decision {protect,
                  | rPois SInv}
 54739 | Elf:3    | Reached skill level 15 in Shields
 54838 | Elf:3    | Reached XP level 21. HP: 165/181 MP: 28/28
 55365 | Elf:3    | Identified the ring "Boypogup" {Str+6 Int-4 Dex+4 SInv}
 55583 | Elf:3    | Identified the +12 battleaxe of Yredelemnul's Approval
                  | {elec, +Blink Dex+2}
 55594 | Elf:3    | Identified the amulet "Pint" {Acrobat rC+}
 55601 | Elf:3    | Identified the +2 robe of Wiemaop {SInv}
 56625 | Elf:3    | Identified the +3 short sword of Beogh, Teaching {heavy,
                  | rElec rPois Will++ Dex-3}
 56627 | Elf:3    | Identified the +0 plate armour of Polish {rElec rN+ Int-3}
 60502 | Elf:3    | Identified the +1 whip of Okawaru's Whim {holy, *Rage rElec
                  | rN++ Int+2}
 61060 | Elf:3    | Got the Papyrus of the Boiling Point
 61083 | Elf:3    | Identified the +5 sling "KennySheep's Regret" {drain,
                  | +Blink rN+ SInv}
 61694 | Spider:3 | Noticed Arachne
 61735 | Spider:3 | Killed Arachne
 61736 | Spider:3 | Reached skill level 24 in Stealth
 62090 | Spider:3 | Reached skill level 10 in Invocations
 62289 | Spider:3 | Killed Nikola
 63028 | Spider:3 | Noticed Louise
 63061 | Spider:3 | Killed Louise
 63575 | Spider:3 | Found the +8 storm bow {elec, penet}
 64174 | Spider:4 | Entered Level 4 of the Spider Nest
 65608 | Spider:4 | Found the +2 hat of the Bear Spirit {Spirit, Bear, *Rage
                  | Will++}
 65728 | Spider:4 | Identified the +2 pair of boots "Raohikya" {Fly Will- MP+9
                  | Int+9}
 66030 | Spider:4 | Got a gossamer rune of Zot
 66136 | Spider:4 | Reached skill level 25 in Stealth
 66136 | Spider:4 | Reached XP level 22. HP: 189/189 MP: 29/29
 66886 | Depths:1 | Entered Level 1 of the Depths
 66902 | Depths:1 | Found Ruycics's Self-Improvement Boutique.
 67139 | Depths:1 | Learned a level 2 spell: Blink
 67301 | Depths:1 | Found Mayfoxar's Weapon Shop.
 67303 | Depths:1 | Found Vovaxt's Book Boutique.
 67305 | Depths:1 | Found Celoet's Book Shop.
 67327 | Depths:1 | Reached XP level 23. HP: 195/195 MP: 30/30
 68183 | Depths:2 | Reached skill level 26 in Stealth
 68518 | Depths:2 | Identified the +7 dire flail of Elaarph {distort, rF+ rC-
                  | Int+6}
 68584 | Depths:2 | Got the Precepts of Petrified Arson
 68586 | Depths:2 | Found an opulent altar of Gozag.
 68586 | Depths:2 | Found a radiant altar of Vehumet.
 68589 | Depths:2 | Found an opulent altar of Gozag.
 68589 | Depths:2 | Found an ornate altar of the Wu Jian Council.
 68589 | Depths:2 | Identified the staff "Cukkaun" {rPois rF+++ rN+ Str-4 Int-2
                  | Necro}
 68592 | Depths:2 | Got Xaumitum's Atlas of Shades
 68715 | Depths:2 | Found a shimmering blue altar of Sif Muna.
 68715 | Depths:2 | Found a glowing silver altar of Zin.
 68822 | Depths:2 | Noticed the Enchantress
 68905 | Abyss:3  | Cast into level 3 of the Abyss (the Enchantress)
 68938 | Abyss:3  | Found a corrupted altar of Lugonu.
 68943 | Abyss:3  | Found a corrupted altar of Lugonu.
 69097 | Abyss:3  | Found a corrupted altar of Lugonu.
 69534 | Depths:2 | Escaped the Abyss
 69757 | Depths:2 | Found a one-way gate leading to the halls of Pandemonium.
 70244 | Depths:2 | Killed the Enchantress
 70434 | Depths:3 | Reached skill level 27 in Stealth
 70512 | Depths:3 | Found a sacrificial altar of Ru.
 70657 | Depths:3 | Identified the +8 long sword of Objectivity {pain, rF+
                  | Stlth+}
 70925 | Depths:3 | Noticed a caustic shrike
 70931 | Depths:3 | Killed a caustic shrike
 71436 | Depths:3 | Noticed a juggernaut
 71440 | Depths:3 | Killed a juggernaut
 71441 | Depths:3 | Reached XP level 24. HP: 204/204 MP: 30/30
 71518 | Depths:3 | Identified the +5 spear "Hellblazer" {freeze, Int+3}
 71646 | Depths:4 | Entered Level 4 of the Depths
 72025 | Depths:4 | Found a gate to the Realm of Zot.
 72372 | Depths:4 | Found a one-way gateway to a ziggurat.
 73239 | Vaults:5 | Entered Level 5 of the Vaults
 73244 | Vaults:5 | Identified the +8 great mace of Nianunirch {pain, +Blink
                  | rElec}
 73497 | Vaults:5 | Reached skill level 5 in Spellcasting
 73613 | Vaults:5 | Reached skill level 15 in Fighting
 73878 | Vaults:5 | Identified the ring "Vuillon" {EV+5 Int+2}
 73930 | Vaults:5 | Identified the ring of Tameigho {rF+ Int+6 Dex+4 Stlth-}
 74013 | Vaults:5 | Noticed Mara
 74015 | Vaults:5 | Noticed KennySheep's illusion
 74121 | Vaults:5 | Killed Mara
 74322 | Vaults:5 | Identified the +9 quarterstaff "Wynocw" {antimagic, Fly
                  | Str+5 Int+2}
 74333 | Vaults:5 | Identified the ring "Naelifec" {*Corrode Fly rF++}
 75178 | Vaults:5 | Got the Atlas of Xanthotic Topomancy
 75192 | Vaults:5 | Got the Catalogue of Stolen Souls
 75222 | Vaults:5 | Noticed an ancient lich
 75224 | Vaults:5 | Reached XP level 25. HP: 196/197 MP: 32/32
 75226 | Vaults:5 | Killed an ancient lich
 75321 | Vaults:5 | Identified the +2 scale mail of Negligence {rPois Str+3}
 75324 | Vaults:5 | Got a silver rune of Zot
 75581 | Vaults:5 | Reached skill level 1 in Evocations
 76062 | Vaults:5 | Identified the +2 dagger of Gupuehas {heavy, rPois rF+ rN+}
 76066 | Vaults:5 | Got the Anthology of Remains
 76098 | Vaults:5 | Identified the ring "Sicinuweg" {Ice Int+4}
 76532 | Zot:1    | Entered Level 1 of the Realm of Zot
 77322 | Zot:1    | Identified the +1 flail "Jellybane" {freeze, Str+3 Int+4}
 78276 | D:12     | You paid a toll of 5 potions of resistance to enter a
                  | treasure trove
 78277 | Trove    | Entered a treasure trove
 78285 | Trove    | Identified the ring "Diusulu" {Str+3 Int+6}
 78287 | Trove    | Identified the amulet of Hidgh {Reflect Str-4 Int+3 SH+5
                  | Stlth+}
 78289 | Trove    | Identified the amulet of Xom's Envy {Acrobat Dex+2 Stlth+}
 78291 | Trove    | Identified the ring of Gozag's Hope {rElec Str+6}
 78293 | Trove    | Identified the ring "Voenyoj" {rF+ rC+ Dex+6}
 78299 | Trove    | Identified the ring "Laeschiuss" {rC- rN+ Will+ Dex+3 SInv}
 78303 | Trove    | Identified the ring of the Spinneret {MP+9 Int+3}
 78305 | Trove    | Identified the ring of Qoubbeq {Fly rC++ AC+4}
 78307 | Trove    | Identified the ring "Fitixuj" {rPois rCorr SInv}
 78311 | Trove    | Identified the amulet "Anonn" {Spirit *Slow rF+++ Regen+
                  | Slay+6}
 78313 | Trove    | Identified the ring "Beutz" {rF+ MP+9 Str+2}
 78315 | Trove    | Identified the ring "Womask" {rElec rF- Str+4 Int+6}
 78697 | Zot:2    | Noticed an orb of fire
 78698 | Zot:2    | Killed an orb of fire
 79444 | Zot:2    | Gained mutation: Potions are less effective at restoring
                  | your health. [mutagenic glow]
 79460 | Zot:2    | Gained mutation: You occasionally lose the ability to read
                  | scrolls when taking damage. [mutagenic glow]
 79495 | Zot:2    | Lost mutation: Potions are less effective at restoring your
                  | health. [potion of mutation]
 79495 | Zot:2    | Lost mutation: You occasionally lose the ability to read
                  | scrolls when taking damage. [potion of mutation]
 79495 | Zot:2    | Gained mutation: Your body sometimes deteriorates upon
                  | taking damage. [potion of mutation]
 79495 | Zot:2    | Gained mutation: Your flesh is cold resistant. (rC+)
                  | [potion of mutation]
 79495 | Zot:2    | Gained mutation: You are strong-willed. (Will+) [potion of
                  | mutation]
 80092 | Zot:2    | Noticed an orb of fire
 80328 | Zot:2    | Killed an orb of fire
 83407 | Zot:4    | Reached XP level 26. HP: 190/190 MP: 30/33
 83769 | Zot:4    | Identified the +7 lajatang of Past Mistakes {freeze, Str+6
                  | Int-2 Dex+6}
 84186 | Zot:5    | Entered Level 5 of the Realm of Zot
 85373 | Zot:5    | Noticed an ancient lich
 86357 | Zot:5    | Gained mutation: Your body often deteriorates upon taking
                  | damage. [mutagenic glow]
 86361 | Zot:5    | Noticed a dread lich
 86404 | Zot:5    | Gained mutation: You are clumsy. (Dex -2) [mutagenic glow]
 86411 | Zot:5    | Killed an ancient lich
 86419 | Zot:5    | Noticed a dread lich
 86419 | Zot:5    | Lost mutation: Your flesh is cold resistant. (rC+)
                  | [mutagenic glow]
 86425 | Zot:5    | Killed a dread lich
 86435 | Zot:5    | Lost mutation: You are partially covered in iridescent
                  | scales. (AC +2) [mutagenic glow]
 86446 | Zot:5    | Gained mutation: You have large cloven feet. [mutagenic
                  | glow]
 86470 | Zot:5    | Gained mutation: Your magical capacity is low. (-10% MP)
                  | [mutagenic glow]
 86674 | Zot:5    | Lost mutation: You have large cloven feet. [potion of
                  | mutation]
 86674 | Zot:5    | Lost mutation: Your body often deteriorates upon taking
                  | damage. [potion of mutation]
 86674 | Zot:5    | Lost mutation: You are clumsy. (Dex -2) [potion of
                  | mutation]
 86674 | Zot:5    | Gained mutation: You are occasionally teleported next to
                  | monsters. [potion of mutation]
 86674 | Zot:5    | Gained mutation: You are partially covered in iridescent
                  | scales. (AC +2) [potion of mutation]
 86674 | Zot:5    | Gained mutation: You expend magic power (3 MP) to
                  | strengthen your wands. [potion of mutation]
 86675 | Zot:5    | Lost mutation: You expend magic power (3 MP) to strengthen
                  | your wands. [potion of mutation]
 86675 | Zot:5    | Lost mutation: You are strong-willed. (Will+) [potion of
                  | mutation]
 86675 | Zot:5    | Gained mutation: You are vulnerable to cold. (rC-) [potion
                  | of mutation]
 86676 | Zot:5    | Lost mutation: Your magical capacity is low. (-10% MP)
                  | [potion of mutation]
 86676 | Zot:5    | Lost mutation: You are vulnerable to cold. (rC-) [potion of
                  | mutation]
 86676 | Zot:5    | Gained mutation: You occasionally shout uncontrollably at
                  | your foes. [potion of mutation]
 86676 | Zot:5    | Gained mutation: You are mostly covered in iridescent
                  | scales. (AC +4) [potion of mutation]
 86677 | Zot:5    | Lost mutation: Your body sometimes deteriorates upon taking
                  | damage. [potion of mutation]
 86677 | Zot:5    | Lost mutation: You occasionally shout uncontrollably at
                  | your foes. [potion of mutation]
 86677 | Zot:5    | Lost mutation: You are mostly covered in iridescent scales.
                  | (AC +4) [potion of mutation]
 86677 | Zot:5    | Gained mutation: You are agile. (Dex +4, Str/Int -1)
                  | [potion of mutation]
 86677 | Zot:5    | Gained mutation: You occasionally lose the ability to read
                  | scrolls when taking damage. [potion of mutation]
 86677 | Zot:5    | Gained mutation: Your tail ends in a venomous barb. [potion
                  | of mutation]
 86678 | Zot:5    | Lost mutation: You are agile. (Dex +4, Str/Int -1) [potion
                  | of mutation]
 86678 | Zot:5    | Lost mutation: You are occasionally teleported next to
                  | monsters. [potion of mutation]
 86678 | Zot:5    | Gained mutation: Your magical capacity is low. (-10% MP)
                  | [potion of mutation]
 86678 | Zot:5    | Gained mutation: You have large cloven feet. [potion of
                  | mutation]
 86735 | Zot:5    | Noticed an orb of fire
 86785 | Zot:5    | Killed a dread lich
 87003 | Zot:5    | Noticed a dread lich
 87008 | Zot:5    | Killed a dread lich
 87099 | Zot:5    | Noticed an ancient lich
 87122 | Zot:5    | Killed an ancient lich
 87259 | Zot:5    | Got the Orb of Zot
 87267 | Zot:5    | Gained mutation: Your mind is acute. (Int +4, Str/Dex -1)
                  | [an orb of fire]
 87603 | D:12     | Noticed Pypil the pandemonium lord
 87907 | D:$      | Escaped with the Orb!

Illustrated notes

Levels and vault maps discovered:
D:1:      dpeg_arrival_more_subterranean_lakeside_camping, layout_loops_ring,
          serial_co_window_serial, co_window_paths_b, co_window_paths_a,
          co_window_of_opportunity_a, co_window_paths_a, co_window_corner_a,
          co_window_of_opportunity_b, co_window_of_opportunity_c,
          co_window_paths_c, co_window_paths_c, co_window_unsneaky_path_a,
          co_window_of_opportunity_b, co_window_4corner_a, glass_columns_b,
          glass_columns_c, glass_columns_a, glass_columns_a, glass_columns_a
D:2:      layout_basic, basic_altar, minmay_close_crescents, uniq_natasha
D:3:      layout_rooms, okawaru_metal_pillars_1_2, gup_sewer_entry_bubbles,
          uniq_crazy_yiuf_cottage
D:4:      layout_basic, evilmike_ruin_ashenzari, nicolae_overflow_hidden_temple,
          yredelemnul_forgotten_temple_becter, kennysheep_decorative_pillar,
          minmay_manual_mess, uniq_robin, uniq_blork_the_orc
D:5:      minmay_inner_zag, layout_basic, skrybe_limestone_x,
          nicolae_fountain_basement, uniq_prince_ribbit1, uniq_menkaure
D:6:      layout_cave_pods, nemelex_spade_bored_becter,
          nicolae_gozag_cash_rules_everything_around_me,
          minmay_temple_entry_gardened_gates
D:7:      layout_loops_cross, kennysheep_cross_bottleneck,
          minmay_shop_enchanted_jewellery, uniq_duvessa
D:8:      layout_rooms, mainiacjoe_overflow_catwalk,
          mainiacjoe_overflow_six_doors_small, tgw_fedhas, demons_altar
D:9:      layout_stronghold, kennysheep_mini_moat, amcnicky_altar_gilded,
          uniq_harold
D:10:     layout_roguey, uniq_maurice
D:11:     layout_roguey, david_lair_generic, zombieorc2_lemuel, st_stairs_14,
          worldfamousw_hep_ancestral_shrine
D:12:     due_chaos_kobolds, layout_basic, nicolae_trove_entry_crossroad,
          serial_curves, eino_curves_02, eino_curves_01, eino_curves_01,
          eino_curves_03, guppyfry_shop_venom, uniq_kirke, uniq_erolcha
D:13:     layout_loops_ring, fungi_pond_lemuel, minmay_misc_feat_secret_circle
D:14:     minmay_big_diamond_grid, layout_long_grid, david_vaults_5, drop_trap
D:15:     grunt_enter_depths_magical_seal, layout_small_grid, serial_park_paths
          [serial_park_minivault_5x5_2], uniq_rupert
Lair:1:   layout_roguey, ldierk_geyser, dreamdust_gnoll_shepherd
Lair:2:   layout_gridlike, elwin_shoals_entry_rooms,
          nicolae_spider_entry_tight_spaces, gammafunk_ghost_icy
Lair:3:   layout_loops_ring, serial_bayou_lagoon_a
Lair:4:   layout_hall_layers, slime_entry_1, cheibrodos_lair_lostbears,
          serial_bayou_shore_a, grunt_megastairs_1
Lair:5:   evil_forest, layout_cave_pods
Shoals:1: nicolae_shoals_deep_elves_summer_vacation, layout_shoals,
          kb_tengu_band, uniq_jorgrun
Shoals:2: layout_shoals, uniq_ilsuiw
Shoals:3: layout_shoals
Shoals:4: shoals_end_hellmonk_storm_palace [storm_palace_center_square,
          storm_palace_corner_altar, storm_palace_corner_blocked,
          storm_palace_corner_pillars, storm_palace_corner_altar]
Spider:1: layout_spider_delve, drop_trap, nicolae_spider_eight_legs
Spider:2: layout_spider_delve
Spider:3: layout_chambers, hangedman_spider_tarantella_strand, uniq_arachne,
          uniq_louise, uniq_nikola
Spider:4: guppyfry_spider_rune
Orc:1:    layout_diamond_mine, ebering_ghost_rock_garden, enter_volcano_1
Orc:2:    grunt_orc_tribal_feast, layout_diamond_mine
Elf:1:    minmay_elf_arrival_circle, layout_gridlike, serial_shops, shop,
          nicolae_shop_overgrown_old_shop, minmay_elf_sorcery, drop_trap
Elf:2:    elven_hall_of_blades_hangedman_alternative
          [nooodl_blade_entry_preview], layout_gridlike,
          nicolae_elf_shapeshifter_party
Elf:3:    elf_hall, layout_geoelf_castle, ebering_ghost_reflecting_pool
Vaults:1: gammafunk_ghost_arena, v_rooms_1, hangedman_vaults_locks, v_misc_10,
          nicolae_vaults_turnstiles, ontoclasm_vaults_bender,
          ontoclasm_vaults_tryst, grunt_vaults_funnel,
          hangedman_vaults_variations, nicolae_vaults_ring_of_whatevers,
          nicolae_vaults_hexular_roomagon, nicolae_vaults_house_1,
          layout_vaults_omnicross
Vaults:2: dpeg_vaults_monster_row, vaults_mumra_hexcomb, v_misc_1,
          nicolae_vaults_closet_pinwheel_6, v_misc_17, v_misc_19,
          vaults_dpeg_doors, nicolae_vaults_network_periphery,
          hangedman_vaults_unwind, vaults_room_pools,
          ontoclasm_vaults_loading_screen, nicolae_vaults_specimen_jars,
          layout_vaults_omnibox, uniq_margery
Vaults:3: nicolae_vaults_security_offices_1, minmay_crypt_entry_simple_walls,
          ontoclasm_vaults_claustrophobia, nicolae_vaults_offset_grid_hallway_2,
          v_misc_25, nicolae_vaults_big_ls, nicolae_vaults_prndl,
          vaults_room_ringed_pool, hangedman_vaults_hat,
          nicolae_vaults_trapezoid_2, vaults_standard_mumra_lines, v_misc_26,
          hangedman_vaults_impose, nicolae_vaults_trapezoid_lopsided_3,
          nicolae_vaults_tetromino_L_1, vaults_mumra_hex,
          vaults_dpeg_encased_lava, layout_vaults_maze_snakey
Vaults:4: vaults_room_door_hall, ontoclasm_vaults_fault,
          ontoclasm_vaults_ring_square, v_misc_25,
          nicolae_vaults_surprise_closet, nicolae_vaults_heist,
          nicolae_vaults_yaktaur_gun_rack, v_alt_pattern_1, v_misc_1,
          nicolae_vaults_little_squares_6, ontoclasm_vaults_chip,
          layout_vaults_ring, uniq_xtahua
Vaults:5: uniq_mara
Depths:1: layout_basic, hell_entry, kennysheep_cross_room,
          minmay_variable_closet, nicolae_shop_self_help, minmay_shop_star
Depths:2: minmay_the_grid_octo_tiled_squarecenter_mashed
          [minmay_the_grid_octo_concentric, minmay_the_grid_octo_horde,
          minmay_the_grid_octo_shrine, minmay_the_grid_octo_vomiting_pacman,
          minmay_the_grid_square_5x5_megaprize_diamond,
          minmay_the_grid_square_5x5_doubleslash,
          minmay_the_grid_square_5x5_tri_point,
          minmay_the_grid_square_5x5_pentomino_r,
          minmay_the_grid_square_5x5_detours], layout_basic, hell_entry,
          grunt_pan_entry_spiral, infiniplex_staircase_pillars_3a,
          uniq_enchantress
Depths:3: minmay_broken_ring, layout_gridlike, abyss_entry,
          nicolae_ru_sacrificial_ziggurat, hell_entry, kennysheep_inner_square,
          firewood_loft
Depths:4: grunt_zot_entry_tricorne, layout_cave_shapes, enter_ziggurat_e,
          grunt_pan_entry_zigzag, hell_entry, serial_sigils_hangedman_confine
Zot:1:    layout_onion_interference, regret_index_zotdec_icy_dp
Zot:2:    layout_cellular_growth, regret_index_zotdec_fiery_em, st_stairs_14,
          lemuel_elevator
Zot:3:    layout_cathedral_of_symmetry, grunt_megastairs_3
Zot:4:    layout_misc_corridors
Zot:5:    layout_gridlike

Skill      XL: |  1  2  3  4  5  6  7  8  9 10 11 12 13 14 15 16 17 18 19 20 21 22 23 24 25 26 |
---------------+-------------------------------------------------------------------------------+-----
Short Blades   | 2 3 4 5 6 7 9 10 11 12 13 14 15 16 17 18 | 18.7
Fighting       | 3 4 5 6 7 8 9 10 11 12 13 14 15 16 17 | 17.1
Stealth        | 6 7 8 9 11 12 14 16 17 18 19 20 21 22 23 25 27 | 27.0
Dodging        | 3 5 6 8 9 10 11 12 13 | 13.1
Armour         | 3 5 7 9 10 11 12 13 14 16 17 18 19 20 21 22 23 | 23.5
Shields        | 3 6 7 9 10 12 13 15 16 18 19 20 | 20.9
Invocations    | 3 5 7 8 9 10 11 12 | 12.0
Spellcasting   | 2 3 6 7 |  7.2
Evocations     | 3 |  3.5

Action                     |  1- 3 |  4- 6 |  7- 9 | 10-12 | 13-15 | 16-18 | 19-21 | 22-24 | 25-27 || total
---------------------------+-------+-------+-------+-------+-------+-------+-------+-------+-------++-------
  Melee: Short sword       |    22 |       |       |       |       |       |       |       |       ||    22
         Tailslap          |     8 |    26 |    85 |   310 |   486 |   494 |   993 |  1194 |   691 ||  4287
         Dagger            |    53 |   255 |   467 |  1480 |  1222 |       |       |       |       ||  3477
         Rapier            |       |       |       |       |   885 |  2003 |  1560 |    90 |       ||  4538
         Unarmed           |       |       |       |       |    17 |       |       |       |       ||    17
         Quick blade       |       |       |       |       |       |       |  1892 |  3589 |  2238 ||  7719
         Kick              |       |       |       |       |       |       |       |       |   145 ||   145
  Throw: Dart              |       |     1 |       |       |       |       |       |       |       ||     1
         Throwing net      |       |       |       |       |     3 |     2 |     2 |       |     1 ||     8
 Invoke: Shadow Form       |       |       |       |       |       |       |     3 |     1 |     4 ||     8
         Shadow Step       |       |       |       |       |       |       |     1 |       |     1 ||     2
  Evoke: Wand              |       |     1 |       |       |       |       |     1 |       |       ||     2
    Use: Scroll            |     1 |     6 |     8 |     5 |    18 |    12 |    18 |     5 |     6 ||    79
         Potion            |       |     6 |     7 |     5 |     4 |     6 |     5 |     1 |    13 ||    47
   Stab: Fleeing           |     1 |       |       |       |     1 |     1 |       |     1 |       ||     4
         Sleeping          |     4 |    20 |    25 |    45 |    69 |   163 |   145 |    90 |    43 ||   604
         Invisible         |       |     6 |     2 |     3 |     4 |     6 |    36 |    10 |    56 ||   123
         Distracted        |       |     1 |     2 |     3 |    10 |    22 |    29 |    22 |    20 ||   109
         Held in net/web   |       |       |       |       |     2 |     2 |     7 |       |       ||    11
 Armour: Leather armour    |    35 |   138 |   161 |    37 |       |       |       |       |       ||   371
         Scale mail        |       |       |       |   376 |   579 |       |       |       |       ||   955
         Skin              |       |       |       |       |     5 |       |       |       |       ||     5
         Chain mail        |       |       |       |       |   287 |   926 |       |       |       ||  1213
         Shadow dragon sca |       |       |       |       |       |   124 |  1142 |   728 |   576 ||  2570
  Dodge: Dodged            |    19 |    92 |   208 |   628 |   949 |   415 |   439 |   267 |   248 ||  3265
         Repelled          |       |     1 |     6 |    12 |    17 |     8 |     1 |    51 |    74 ||   170
  Block: Buckler           |       |       |       |       |   343 |   440 |       |       |       ||   783
         Reflection        |       |       |       |       |     2 |    50 |    55 |    19 |    16 ||   142
         Tower shield      |       |       |       |       |       |   989 |  2996 |  2009 |  1687 ||  7681

Table legend: (Time is in decaauts)
 A = Elapsed time spent in this place.
 B = Non-inter-level travel time spent in this place.
 C = Inter-level travel time spent in this place.
 D = Time resting spent in this place.
 E = Time spent auto-exploring this place.
 F = Levels seen in this place.
 G = Mean time per level.
                   A        B        C        D        E       F      G
               +--------+--------+--------+--------+--------+-----+--------+
         Total |  83942 |  71578 |  12364 |  23878 |  28853 |  51 | 1645.9 |
       Dungeon |  22526 |  17685 |   4841 |   3766 |   9412 |  15 | 1501.7 |
          Lair |   8362 |   6280 |   2082 |   1703 |   2819 |   5 | 1672.4 |
        Shoals |   4994 |   4423 |    571 |   1271 |   1847 |   4 | 1248.5 |
   Spider Nest |   6314 |   5181 |   1133 |   1610 |   2111 |   4 | 1578.5 |
  Orcish Mines |   3113 |   2898 |    215 |   1261 |   1019 |   2 | 1556.5 |
   Elven Halls |   9093 |   8694 |    399 |   5551 |   1682 |   3 | 3031.0 |
        Vaults |  13086 |  12178 |    908 |   3898 |   4539 |   5 | 2617.2 |
        Depths |   6326 |   4985 |   1341 |    974 |   2701 |   4 | 1581.5 |
           Zot |   8746 |   7875 |    871 |   3637 |   2445 |   5 | 1749.2 |
         Abyss |    552 |    552 |      0 |    104 |     41 |   1 |  552.0 |
         Trove |     46 |     46 |      0 |      0 |      0 |   1 |   46.0 |
         Sewer |    581 |    581 |      0 |     98 |    161 |   1 |  581.0 |
       Volcano |    198 |    198 |      0 |      0 |     75 |   1 |  198.0 |
               +--------+--------+--------+--------+--------+-----+--------+

Top non-repeatable levels by time:
   Elf:3: 7300 daAuts
Vaults:1: 3150 daAuts
    D:11: 2754 daAuts
Vaults:3: 2691 daAuts
Vaults:5: 2560 daAuts
Vaults:4: 2449 daAuts
  Lair:5: 2393 daAuts
Vaults:2: 2235 daAuts
   Zot:1: 2204 daAuts
    D:12: 2194 daAuts
   Zot:2: 2133 daAuts
  Lair:2: 2111 daAuts
    D:14: 2064 daAuts
Spider:1: 2051 daAuts
   Orc:2: 1934 daAuts
